omghax, neutral male scurrid Tourist ------ |...j+ |...@| -$...| |....| ------ omghax the Rambler Experience level: 1 Strength: 7 Dexterity: 10 Constitution: 14 Intelligence: 14 Wisdom: 9 Charisma: 21 Health: 0(9) Energy: 2(2) Def: 0 Gold: 749 Moves: 36 Dungeon seed: BV8EqRyw624Xpic3 Game ID: omghax_1498614255 Your Inventory: Coins $ - 749 gold pieces Weapons a - 40 uncursed +2 darts (in quiver) Armor e - an uncursed +0 Hawaiian shirt (being worn) Comestibles b - an uncursed carrot c - 2 uncursed lembas wafers d - an uncursed apple f - an uncursed banana g - 2 uncursed food rations h - 2 uncursed tripe rations i - an uncursed sprig of wolfsbane Scrolls k - 4 uncursed scrolls of magic mapping Potions j - 2 uncursed potions of extra healing Wands n - an uncursed wand of secret door detection (0:14) Tools l - an uncursed expensive camera (0:87) m - an uncursed credit card o - an uncursed leash Spells and supernatural/magical abilities: Name Level Category Fail Memory W - pray for help -- divine ? -- Your skills at the end: Miscellaneous Skills wands [Basic] Weapon Skills dart [Basic] Spellcasting Skills Final Attributes: You were devoutly aligned. You had infravision. You were very stealthy. You are dead. Vanquished creatures: a newt Voluntary challenges: You went without food. You did not adorn yourself with jewelry or accessories. You did not cause conflict. You were not invisible. You did not have reflection. You were not displaced. You were an atheist. You never hit with a wielded weapon. You were a pacifist. You did not use tools. You did not use plumbed fixtures. You did not drink any magical draughts. You were illiterate. You never genocided any monsters. You never polymorphed an object. You never changed form. You used no wishes. You never split a pudding. You never wrote Elbereth's name. You never violated your personal moral code. Dungeon overview: The Dungeons of Doom: levels 1 to 13 Level 1 a long staircase Level 2 Level 3 Level 4 Level 5 Level 6 Level 7 Level 8 Level 9 Level 10 Level 11 Level 12 Level 13 <- You were here History has recorded: On T:1 you entered the Dungeons of Doom to retrieve the Amulet of Yendor! On T:4 you reached level 2 of The Dungeons of Doom. On T:7 you reached level 3 of The Dungeons of Doom. On T:9 you reached level 4 of The Dungeons of Doom. On T:11 you reached level 5 of The Dungeons of Doom. On T:13 you reached level 6 of The Dungeons of Doom. On T:16 you reached level 7 of The Dungeons of Doom. On T:18 you reached level 8 of The Dungeons of Doom. On T:21 you reached level 9 of The Dungeons of Doom. On T:25 you reached level 10 of The Dungeons of Doom. On T:27 you reached level 11 of The Dungeons of Doom. On T:29 you reached level 12 of The Dungeons of Doom. On T:31 you reached level 13 of The Dungeons of Doom. Score breakdown: Gold: 0 ( 0 points) Experience: 1 level ( 0 points) Exploration: 13 levels ( 360 points) Discoveries: 0 items ( 0 points) Variety of kills: 1 monster ( 50 points) Major goal: (nothing yet) ( 0 points) Survival: died (score multiplied by 3) Total score: 1230 Latest messages: You continue digging downward. You dig a pit in the floor. You continue digging downward. You dig a hole through the floor. You fall through... You start digging downward. You continue digging downward. You dig a pit in the floor. You continue digging downward. You dig a hole through the floor. You fall through... You start digging downward. You continue digging downward. You dig a pit in the floor. You continue digging downward. You dig a hole through the floor. You fall through... You start digging downward. The gelatinous cube touches you! You are frozen by the gelatinous cube! The gelatinous cube touches you! (2x) You die... Final status: Aloha omghax the Tourist, killed by a gelatinous cube, while paralyzed by a monster's touch... You died in The Dungeons of Doom on dungeon level 13 with 1230 points, and 749 pieces of gold, after 36 moves. You were level 1 with a maximum of 9 hit points when you died.